[Event "Titled Tuesday Blitz June 20 Early 2023"]
[White "Pastar, Slaven"]
[Black "Vaglio Munoz, Jaime"]
[WhiteFideId "14402718"]
[BlackFideId "6500145"]
[WhiteElo "2219"]
[BlackElo "2199"]
[Result "0-1"]
[Round "5"]
[TimeControl "180+2"]
[Date "2023.06.20"]
[WhiteClock "0:00:00"]
[BlackClock "0:00:35"]
[Board "165"]

1. b3 b5 2. Bb2 Bb7 3. Nf3 Nf6 4. e3 a6 5. Be2 e6 6. O-O Be7 7. c4 b4 8. d4 a5 9. Nbd2 O-O 10. Qc2 c5 11. Bd3 cxd4 12. Nxd4 d6 13. Rad1 Nbd7 14. Ne4 h6 15. Nb5 d5 16. Nxf6+ Nxf6 17. Be5 Rc8 18. Qb2 Qb6 19. Bd4 Qd8 20. h3 Ne8 21. e4 dxe4 22. Be2 Bf6 23. Be5 Bxe5 24. Qxe5 Qf6 25. Qg3 Bc6 26. Na7 Rc7 27. Nxc6 Rxc6 28. Rd7 e5 29. Rfd1 Qf5 30. Bg4 Qg5 31. h4 Qf4 32. Bh5 Qxg3 33. fxg3 Nf6 34. Ra7 Nxh5 35. Rxa5 Nxg3 36. Rxe5 f5 37. Rb5 Rc7 38. Rxb4 e3 0-1


[Site "https://www.chess.com"]

[Event "Titled Tuesday Blitz June 20 Early 2023"]
[White "Fonseca Manrique, Enrique"]
[Black "Martin, Lewis"]
[WhiteFideId "5114330"]
[BlackFideId "410551"]
[WhiteElo "2538"]
[BlackElo "2145"]
[Result "1-0"]
[Round "5"]
[TimeControl "180+2"]
[Date "2023.06.20"]
[WhiteClock "0:00:16"]
[BlackClock "0:00:07"]
[Board "166"]

1. e4 c5 2. Nc3 Nc6 3. f4 e6 4. Nf3 Nf6 5. Bb5 a6 6. Bxc6 bxc6 7. e5 Nd5 8. d3 d6 9. Ne4 dxe5 10. fxe5 Be7 11. O-O O-O 12. Qe1 f6 13. b3 fxe5 14. Ba3 Bd7 15. Bxc5 Bxc5+ 16. Nxc5 Qb6 17. Qf2 Rad8 18. Ne4 Be8 19. Qxb6 Nxb6 20. Nxe5 Rxf1+ 21. Rxf1 Nd5 22. a3 a5 23. Nc5 Nc7 24. Nc4 Rd5 25. b4 axb4 26. axb4 Nb5 27. Ra1 Nd4 28. Ra8 Kf7 29. Ne3 Re5 30. Ne4 h6 31. Kf2 Nf5 32. Nxf5 Rxf5+ 33. Ke3 Re5 34. Kd4 Rd5+ 35. Kc4 e5 36. Nc5 Ke7 37. Ra7+ Kd6 38. Rxg7 Rd4+ 39. Kc3 1-0


[Site "https://www.chess.com"]

[Event "Titled Tuesday Blitz June 20 Early 2023"]
[White "Tokhirjonova, Gulrukhbegim"]
[Black "Vifleemskaia, Svetlana"]
[WhiteFideId "14203626"]
[BlackFideId "4129490"]
[WhiteElo "2265"]
[BlackElo "1930"]
[Result "1-0"]
[Round "5"]
[TimeControl "180+2"]
[Date "2023.06.20"]
[WhiteClock "0:01:01"]
[BlackClock "0:00:00"]
[Board "167"]

1. d4 Nf6 2. Nc3 d5 3. Bf4 a6 4. e3 c5 5. h3 Nc6 6. Nf3 h6 7. a3 cxd4 8. exd4 Bf5 9. Bd3 Bxd3 10. Qxd3 e6 11. O-O Bd6 12. Ne5 Bxe5 13. dxe5 Nd7 14. Rfe1 O-O 15. Rad1 Qb6 16. b4 Qc7 17. Qg3 Kh7 18. Nxd5 exd5 19. e6 Nde5 20. Rxe5 Qe7 21. Rexd5 Qxe6 22. Rd6 Qf5 23. c4 Rad8 24. c5 Rxd6 25. cxd6 Rd8 26. Qe3 Rd7 27. Bg3 Qe6 28. Qc5 f6 29. f3 Ne5 30. Qd4 Nc6 31. Qd3+ f5 32. Re1 Qf6 33. h4 g5 34. hxg5 hxg5 35. Kf2 Kg6 36. Re8 Qf7 37. Re2 Kg7 38. f4 g4 39. Bh4 1-0


[Site "https://www.chess.com"]

[Event "Titled Tuesday Blitz June 20 Early 2023"]
[White "Devaev, Alexander"]
[Black "Ardila, Oscar Humberto"]
[WhiteFideId "4169395"]
[BlackFideId "4404742"]
[WhiteElo "2172"]
[BlackElo "1912"]
[Result "1-0"]
[Round "5"]
[TimeControl "180+2"]
[Date "2023.06.20"]
[WhiteClock "0:00:15"]
[BlackClock "0:00:03"]
[Board "168"]

1. d4 Nf6 2. c4 g6 3. Nc3 Bg7 4. e4 d6 5. Nf3 O-O 6. h3 Nbd7 7. Bg5 h6 8. Be3 e5 9. d5 Nc5 10. Nd2 a5 11. g4 c6 12. Be2 cxd5 13. cxd5 Bd7 14. Nc4 Ne8 15. Qd2 Kh7 16. Na3 Rb8 17. Bb5 f5 18. f3 fxe4 19. fxe4 Qh4+ 20. Bf2 Qf6 21. O-O Qe7 22. Bxd7 Qxd7 23. Bxc5 dxc5 24. Rxf8 Bxf8 25. Nc4 Bg7 26. a4 Nd6 27. Nxd6 Qxd6 28. Rf1 Rf8 29. Rxf8 Qxf8 30. Qf2 Qd6 31. Qf7 c4 32. Qxb7 Qc5+ 33. Kg2 Qe3 34. Qf7 Qd2+ 35. Qf2 Qd3 36. Qe2 Qd4 37. Kf3 Qb6 38. Qe1 Qxb2 39. d6 Bf6 40. Nd5 Bg5 41. h4 Qb3+ 42. Kg2 Qc2+ 43. Kh3 Qd3+ 44. Kh2 Bf4+ 45. Kg2 Qc2+ 46. Kf3 Qd3+ 47. Kg2 c3 48. d7 Bd2 49. d8=Q Bxe1 50. Nf6+ Kg7 51. Qxd3 Kxf6 52. h5 gxh5 53. gxh5 Kg5 54. Qe3+ Kxh5 55. Qxe1 Kg4 56. Qxc3 Kf4 57. Qf3+ 1-0


[Site "https://www.chess.com"]

[Event "Titled Tuesday Blitz June 20 Early 2023"]
[White "Mazarini41"]
[Black "Sarkar, Justin"]
[BlackFideId "2010011"]
[WhiteElo "2497"]
[BlackElo "2151"]
[Result "1-0"]
[Round "5"]
[TimeControl "180+2"]
[Date "2023.06.20"]
[WhiteClock "0:00:58"]
[BlackClock "0:00:00"]
[Board "169"]

1. g4 e5 2. Bg2 Nc6 3. c4 h5 4. g5 Qxg5 5. Kf1 Qg6 6. Nc3 Nf6 7. Nb5 Kd8 8. d4 a6 9. d5 Nb4 10. Nc3 a5 11. Nf3 d6 12. a3 Na6 13. Ng5 Nc5 14. h4 Bf5 15. Be3 Bc2 16. Qe1 Nb3 17. Ra2 Ng4 18. Bd2 Be7 19. f3 Nh6 20. e4 Bxg5 21. Bxg5+ f6 22. Be3 Ng8 23. Bh3 Bd3+ 24. Kf2 Bxc4 25. Rg1 1-0


[Site "https://www.chess.com"]

[Event "Titled Tuesday Blitz June 20 Early 2023"]
[White "Slovineanu, Viacheslav"]
[Black "Reprintsev, Alexander"]
[WhiteFideId "13900510"]
[BlackFideId "14100541"]
[WhiteElo "2312"]
[BlackElo "2229"]
[Result "0-1"]
[Round "5"]
[TimeControl "180+2"]
[Date "2023.06.20"]
[WhiteClock "0:00:00"]
[BlackClock "0:01:45"]
[Board "170"]

1. e4 d5 2. exd5 Qxd5 3. Qf3 Nf6 4. Qxd5 Nxd5 5. c3 e5 6. Bc4 Nb6 7. Bb3 c5 8. d3 Bf5 9. Ke2 Nc6 10. Nf3 O-O-O 11. Rd1 f6 12. Nh4 Bg4+ 13. f3 Bd7 14. g4 g5 15. Nf5 h5 16. Rh1 hxg4 17. fxg4 e4 18. dxe4 Ne5 19. Be3 Bb5+ 20. c4 Nbxc4 21. Nc3 Ba6 22. Nd5 Nxg4 23. Bxc4 Bxc4+ 24. Kf3 Ne5+ 25. Kg3 Bxd5 26. exd5 Rxd5 27. Rac1 b6 28. b4 Kb7 29. bxc5 Bxc5 30. Bxc5 bxc5 0-1


[Site "https://www.chess.com"]

[Event "Titled Tuesday Blitz June 20 Early 2023"]
[White "Zheenbekov, Nurgazy"]
[Black "Ziatdinov, Raset"]
[WhiteFideId "13800485"]
[BlackFideId "2015323"]
[WhiteElo "1975"]
[BlackElo "2220"]
[Result "0-1"]
[Round "5"]
[TimeControl "180+2"]
[Date "2023.06.20"]
[WhiteClock "0:00:18"]
[BlackClock "0:01:10"]
[Board "171"]

1. e4 c5 2. Nf3 Nc6 3. Bb5 g6 4. O-O Bg7 5. Re1 Nh6 6. c3 O-O 7. d4 cxd4 8. cxd4 d5 9. e5 Bg4 10. Be2 Nf5 11. Be3 Nxe3 12. fxe3 Bh6 13. Bf1 Rc8 14. Nc3 Na5 15. h3 Bf5 16. Bd3 Bxd3 17. Qxd3 Nc4 18. Rab1 Qa5 19. Ne2 Bxe3+ 20. Kh2 Bh6 21. b4 Qa3 22. Rb3 Qxa2 23. h4 Nb2 24. Rxb2 Qxb2 25. h5 Qc2 26. Qa3 Qf5 27. hxg6 hxg6 28. Qxa7 Kg7 29. Qxb7 Rh8 30. Kg1 Be3+ 31. Kf1 Rh1+ 32. Ng1 Rxg1+ 0-1


[Site "https://www.chess.com"]

[Event "Titled Tuesday Blitz June 20 Early 2023"]
[White "Rosh Jain"]
[Black "Yeritsyan, Hayk"]
[WhiteFideId "25789465"]
[BlackFideId "13307320"]
[WhiteElo "2233"]
[BlackElo "2480"]
[Result "1-0"]
[Round "5"]
[TimeControl "180+2"]
[Date "2023.06.20"]
[WhiteClock "0:00:05"]
[BlackClock "0:00:02"]
[Board "172"]

1. e4 c6 2. Nc3 d5 3. Nf3 Bg4 4. h3 Bxf3 5. Qxf3 e6 6. Be2 Nf6 7. O-O dxe4 8. Nxe4 Nxe4 9. Qxe4 Qd5 10. Qa4 Be7 11. d3 O-O 12. Be3 Bc5 13. Bf3 Qd6 14. d4 Bb6 15. Rad1 Nd7 16. c4 Qe7 17. g3 Rfe8 18. h4 h6 19. Rfe1 a6 20. Bf4 Qf6 21. c5 Ba7 22. Bg2 Bb8 23. Be3 Bc7 24. Qb4 Rab8 25. Rd3 Qg6 26. Qd2 Nf6 27. Rb3 Nd5 28. Rd1 Re7 29. Rc1 Rd7 30. Qe2 Nxe3 31. Qxe3 Bd8 32. Bxc6 Rc7 33. Bg2 Bf6 34. Qf4 Bd8 35. Qd6 Qf6 36. Re1 Qe7 37. Qf4 Qf6 38. Qe3 g5 39. hxg5 Qxg5 40. Qd3 Kg7 41. Re5 Qg6 42. Be4 Qf6 43. Rb4 Be7 44. Rh5 Rd8 45. Qe3 b5 46. Rh4 Rb8 47. Rg4+ Kf8 48. Rb3 a5 49. Qd2 a4 50. Rf3 Qxd4 51. Qxh6+ Ke8 52. Rg8+ Kd7 53. Rd3 Qxd3 54. Bxd3 Rxg8 55. Bxb5+ Kd8 56. c6 Rf8 57. Qe3 Kc8 58. Qd3 Rd8 59. Qc4 Rd6 60. Qxa4 Kd8 61. Qa8+ Rc8 62. Qa5+ Ke8 63. Qb6 Kf8 64. Qb7 Rdd8 65. c7 Re8 66. Bxe8 Rxc7 67. Qxc7 Kxe8 68. Qc8+ Bd8 69. b4 1-0


[Site "https://www.chess.com"]

[Event "Titled Tuesday Blitz June 20 Early 2023"]
[White "Morgunov, Anatoly"]
[Black "Rodriguez Santiago, Jaime"]
[WhiteFideId "4145909"]
[BlackFideId "3100898"]
[WhiteElo "2237"]
[BlackElo "2025"]
[Result "1-0"]
[Round "5"]
[TimeControl "180+2"]
[Date "2023.06.20"]
[WhiteClock "0:00:39"]
[BlackClock "0:00:28"]
[Board "173"]

1. d4 Nf6 2. c4 e6 3. g3 d5 4. Bg2 dxc4 5. Nf3 c5 6. O-O Nc6 7. Qa4 Bd7 8. Qxc4 b5 9. Qd3 c4 10. Qd1 Rc8 11. Ne5 Be7 12. Nxd7 Qxd7 13. a4 a6 14. axb5 axb5 15. e3 O-O 16. Nc3 Nb4 17. Ra5 Rb8 18. e4 Rfd8 19. Be3 Nd3 20. Qc2 Qc7 21. Rxb5 Rxb5 22. Nxb5 Qc8 23. Nc3 Qb8 24. Rb1 Qb4 25. d5 exd5 26. exd5 Rb8 27. Bd4 Qa5 28. Ne4 Nxd5 29. Qxc4 N3b4 30. Nc3 Qd8 31. Nxd5 Nxd5 32. Qxd5 Qa5 33. Qxa5 1-0


[Site "https://www.chess.com"]

[Event "Titled Tuesday Blitz June 20 Early 2023"]
[White "Zaichenko, Daria"]
[Black "Vafin, Ayrat"]
[WhiteFideId "4197453"]
[BlackFideId "4146530"]
[WhiteElo "2039"]
[BlackElo "2317"]
[Result "1-0"]
[Round "5"]
[TimeControl "180+2"]
[Date "2023.06.20"]
[WhiteClock "0:00:02"]
[BlackClock "0:00:00"]
[Board "174"]

1. e4 e5 2. Nf3 Nf6 3. Nxe5 d6 4. Nf3 Nxe4 5. Nc3 Nxc3 6. dxc3 Be7 7. Bd3 Nc6 8. Be3 Be6 9. Qd2 Qd7 10. O-O-O O-O-O 11. Kb1 Bf6 12. Nd4 Nxd4 13. cxd4 d5 14. Qa5 Kb8 15. Bb5 c6 16. Bf4+ Ka8 17. Be2 Rde8 18. Bc7 Bd8 19. Bxd8 Qxd8 20. Qc5 Bf5 21. Bf3 Qe7 22. Qa5 Qd7 23. Qa4 g5 24. h3 h5 25. Kc1 Qd6 26. g3 g4 27. hxg4 hxg4 28. Rxh8 Rxh8 29. Be2 Re8 30. Rd2 Qh6 31. Qa5 Qh1+ 32. Bd1 Qh6 33. Qc7 a6 34. a4 Be4 35. b4 Bf3 36. Qd7 Re1 37. Qd8+ Ka7 38. Kb2 1-0


[Site "https://www.chess.com"]

[Event "Titled Tuesday Blitz June 20 Early 2023"]
[White "Francisco_Ferrari"]
[Black "DanyKopy"]
[WhiteElo "2265"]
[BlackElo "2456"]
[Result "1/2-1/2"]
[Round "5"]
[TimeControl "180+2"]
[Date "2023.06.20"]
[WhiteClock "0:00:19"]
[BlackClock "0:00:48"]
[Board "175"]

1. Nf3 d5 2. c4 e6 3. g3 Nf6 4. Bg2 c5 5. O-O Nc6 6. cxd5 exd5 7. d4 Be7 8. Nc3 h6 9. b3 O-O 10. Bb2 Be6 11. dxc5 Bxc5 12. Rc1 a6 13. Na4 Ba7 14. Nd4 Rc8 15. Nxc6 Rxc6 16. Rxc6 bxc6 17. Bd4 Qe7 18. Bxa7 Qxa7 19. Qc2 Rc8 20. Qc5 Qb7 21. Rc1 Nd7 22. Qd4 Qb5 23. e3 c5 24. Qd2 c4 25. Nc3 Qb4 26. Bxd5 Bxd5 27. Qxd5 cxb3 28. Qxd7 Rxc3 29. Rxc3 Qxc3 30. axb3 Qxb3 31. Qc8+ Kh7 32. Qxa6 g6 33. Qf6 Kg8 34. h4 h5 35. Kg2 Qd5+ 36. Qf3 Qc4 37. Qf4 Qd5+ 38. e4 Qc4 39. Qe3 Kg7 40. e5 Qd5+ 41. Kh2 Qe6 42. Qf4 Qd5 43. Qf6+ Kg8 44. Qf4 Kg7 45. Qf6+ Kg8 46. Qf4 Kg7 1/2-1/2


[Site "https://www.chess.com"]

[Event "Titled Tuesday Blitz June 20 Early 2023"]
[White "Ansh M Shah"]
[Black "agvania123"]
[WhiteFideId "25033379"]
[WhiteElo "2084"]
[BlackElo "2254"]
[Result "1-0"]
[Round "5"]
[TimeControl "180+2"]
[Date "2023.06.20"]
[WhiteClock "0:00:56"]
[BlackClock "0:01:33"]
[Board "176"]

1. d4 Nf6 2. c4 e6 3. g3 d5 4. Bg2 Be7 5. Nf3 O-O 6. O-O b6 7. Nc3 Bb7 8. Ne5 Nbd7 9. cxd5 exd5 10. Qb3 Nxe5 11. dxe5 Ne4 12. Nxe4 dxe4 13. Rd1 Qc8 14. Bf4 Qf5 15. Rac1 Bc5 16. Rxc5 bxc5 17. Qxb7 Rad8 18. Rc1 g5 19. Be3 Qxe5 20. Qxe4 Qxe4 21. Bxe4 f5 22. Bd3 Rfe8 23. Bxc5 Kg7 24. Bxa7 Ra8 25. Bd4+ 1-0


[Site "https://www.chess.com"]

[Event "Titled Tuesday Blitz June 20 Early 2023"]
[White "Marn, Jan"]
[Black "Clawitter, Craig"]
[WhiteFideId "14619245"]
[BlackFideId "2023105"]
[WhiteElo "2242"]
[BlackElo "2239"]
[Result "1-0"]
[Round "5"]
[TimeControl "180+2"]
[Date "2023.06.20"]
[WhiteClock "0:00:12"]
[BlackClock "0:00:07"]
[Board "177"]

1. d4 e6 2. Nf3 Nf6 3. e3 c5 4. Bd3 b6 5. O-O Bb7 6. Nbd2 Be7 7. b3 O-O 8. Bb2 d6 9. a3 a6 10. c4 Re8 11. Re1 Nc6 12. Qc2 cxd4 13. exd4 Rc8 14. Ng5 h6 15. Nxf7 Kxf7 16. Bg6+ Kg8 17. Bxe8 Qxe8 18. Rxe6 Qf7 19. Rae1 Bf8 20. d5 Ne5 21. Bxe5 dxe5 22. Qf5 Bxa3 23. Rxb6 Bc5 24. Re6 Ng4 25. Qxf7+ Kxf7 26. Ne4 Bd4 27. Nd6+ Kf8 28. Nxc8 Bxf2+ 29. Kf1 Bxe1 30. Nd6 Bc8 31. Nxc8 1-0


[Site "https://www.chess.com"]

[Event "Titled Tuesday Blitz June 20 Early 2023"]
[White "Tuleyeva-Aketayeva, Dana"]
[Black "Mrudul Dehankar"]
[WhiteFideId "13701932"]
[BlackFideId "25096990"]
[WhiteElo "2030"]
[BlackElo "2139"]
[Result "0-1"]
[Round "5"]
[TimeControl "180+2"]
[Date "2023.06.20"]
[WhiteClock "0:00:00"]
[BlackClock "0:00:03"]
[Board "178"]

1. d4 Nf6 2. Nf3 e6 3. g3 b6 4. Bg2 Bb7 5. O-O Be7 6. c4 O-O 7. Nc3 Bb4 8. Bd2 Bxc3 9. Bxc3 d6 10. b3 Nbd7 11. Rc1 Qe7 12. Bb2 a5 13. a3 Rfe8 14. Re1 e5 15. e3 Be4 16. Qd2 h6 17. b4 Ra7 18. Ra1 Rea8 19. Bc3 axb4 20. axb4 Qe6 21. d5 Qf5 22. Nh4 Qh7 23. Rxa7 Rxa7 24. Ra1 Rxa1+ 25. Bxa1 g5 26. Nf3 g4 27. Ne1 Bxg2 28. Nxg2 Qb1+ 29. Qe1 Qc2 30. Qc3 Qd1+ 31. Qe1 Qb3 32. Qc3 Qa2 33. Bb2 Ne4 34. Qc1 Ndf6 35. Ne1 Ng5 36. Kg2 Nfe4 37. Qc2 f5 38. Qc1 Kf7 39. c5 Kg6 40. c6 Qxd5 41. Kg1 Nd2 42. f3 Nh3+ 43. Kg2 Nxf3 0-1


[Site "https://www.chess.com"]

[Event "Titled Tuesday Blitz June 20 Early 2023"]
[White "Thiel, Thomas"]
[Black "Vega Gutierrez, Sabrina"]
[WhiteFideId "4615964"]
[BlackFideId "2219026"]
[WhiteElo "2227"]
[BlackElo "2209"]
[Result "1/2-1/2"]
[Round "5"]
[TimeControl "180+2"]
[Date "2023.06.20"]
[WhiteClock "0:01:10"]
[BlackClock "0:00:02"]
[Board "179"]

1. e4 c5 2. Nc3 Nc6 3. Bb5 Nd4 4. Bc4 a6 5. d3 b5 6. Bb3 e6 7. Nge2 Ne7 8. Nxd4 cxd4 9. Ne2 Nc6 10. O-O Bc5 11. f4 Qc7 12. Ng3 Qd8 13. Qg4 g6 14. f5 h5 15. Qf3 Ne5 16. Qf4 d6 17. fxe6 Bxe6 18. Bxe6 fxe6 19. Qg5 h4 20. Ne2 h3 21. g3 Qxg5 22. Bxg5 Rh5 23. Bf6 Rh7 24. Nf4 Kd7 25. Bxe5 dxe5 26. Nxg6 Bd6 27. Rf6 Rg8 28. Raf1 Rhg7 29. Rf7+ Rxf7 30. Rxf7+ Kc6 31. Rf6 Kd7 32. Rf7+ Kc6 33. Rf6 Kd7 34. Rf7+ 1/2-1/2


[Site "https://www.chess.com"]

[Event "Titled Tuesday Blitz June 20 Early 2023"]
[White "Goncalves, Davi Sulzbacher"]
[Black "Larina, Maria"]
[WhiteFideId "2154510"]
[BlackFideId "24113182"]
[WhiteElo "2182"]
[BlackElo "1848"]
[Result "0-1"]
[Round "5"]
[TimeControl "180+2"]
[Date "2023.06.20"]
[WhiteClock "0:00:12"]
[BlackClock "0:01:05"]
[Board "180"]

1. Nf3 f5 2. e4 fxe4 3. Ng5 d5 4. d3 Qd6 5. Nc3 e3 6. Bxe3 d4 7. Nce4 Qb4+ 8. Bd2 Qxb2 9. Be2 Nf6 10. O-O Nc6 11. Bh5+ g6 12. Nxf6+ exf6 13. Re1+ Be7 14. Nxh7 Kf7 15. Qg4 0-1


[Site "https://www.chess.com"]

[Event "Titled Tuesday Blitz June 20 Early 2023"]
[White "Gomes, Luiz Alexandre de Souza"]
[Black "Vila Dupla, Aurelio"]
[WhiteFideId "2102790"]
[BlackFideId "2203383"]
[WhiteElo "2412"]
[BlackElo "2009"]
[Result "1-0"]
[Round "5"]
[TimeControl "180+2"]
[Date "2023.06.20"]
[WhiteClock "0:01:16"]
[BlackClock "0:00:00"]
[Board "181"]

1. e4 c5 2. Nf3 d6 3. d4 cxd4 4. Nxd4 Nf6 5. Nc3 g6 6. Be2 Bg7 7. Be3 O-O 8. Qd2 Nc6 9. Nb3 a5 10. a4 Nb4 11. h4 h5 12. Rc1 Be6 13. Nd4 Bd7 14. Bh6 Rc8 15. Bxg7 Kxg7 16. f3 e5 17. Ndb5 Bxb5 18. Nxb5 d5 19. exd5 Qxd5 20. c3 Qxd2+ 21. Kxd2 Rfd8+ 22. Ke1 Nd3+ 23. Bxd3 Rxd3 24. Ke2 Rcd8 25. Rcd1 e4 26. Rxd3 exd3+ 27. Kd2 Nd7 28. Kxd3 Nb6+ 29. Kc2 Nxa4 30. Re1 Nc5 31. Re5 b6 32. Nd4 a4 33. Re7 Rd6 34. Ra7 Kf6 35. g4 hxg4 36. fxg4 Ne6 37. Rxa4 Nxd4+ 38. Rxd4 Re6 39. Rf4+ Kg7 40. Kb3 Re2 41. g5 Rh2 42. Ka3 Kg8 43. b3 Rh3 44. Kb4 Kg7 45. c4 Rg3 46. Ka4 Kf8 47. b4 Ke7 48. Kb5 Rb3 49. Rf6 Rh3 50. Rxb6 Rxh4 51. Rc6 Rg4 52. Rc5 f5 53. gxf6+ Kxf6 54. Kc6 Re4 55. b5 g5 56. b6 Re6+ 57. Kb5 g4 58. b7 Re1 59. Kb6 1-0


[Site "https://www.chess.com"]

[Event "Titled Tuesday Blitz June 20 Early 2023"]
[White "Quirke, Jeffrey"]
[Black "Ai, Evan"]
[WhiteFideId "2013029"]
[BlackFideId "2094770"]
[WhiteElo "2203"]
[BlackElo "1963"]
[Result "0-1"]
[Round "5"]
[TimeControl "180+2"]
[Date "2023.06.20"]
[WhiteClock "0:00:02"]
[BlackClock "0:00:18"]
[Board "183"]

1. e4 e5 2. Nf3 Nc6 3. Bb5 a6 4. Ba4 Nf6 5. Qe2 b5 6. Bb3 Bc5 7. d3 d6 8. h3 h6 9. Nbd2 Na5 10. Nf1 Nxb3 11. axb3 Bb7 12. g4 Qe7 13. Ng3 g6 14. Be3 Nd7 15. h4 Bxe3 16. Qxe3 Nf6 17. Nh2 h5 18. g5 Nd7 19. f4 exf4 20. Qxf4 Qe5 21. O-O O-O 22. Qxe5 dxe5 23. b4 c5 24. bxc5 Nxc5 25. Nf3 Rfe8 26. Ne2 Re6 27. b4 Nd7 28. Nd2 Rc8 29. Ra2 Nb6 30. Nb3 Na4 31. Rfa1 Rc7 32. Rxa4 bxa4 33. Nc5 Rb6 34. c3 Bc6 35. Kf2 Bb5 36. Ke3 f6 37. gxf6 Rxf6 38. Nxa4 Rcf7 39. Nc5 Rf3+ 40. Kd2 Rf2 41. Nxa6 Rh2 42. Nc5 Rff2 43. Ra8+ Kg7 44. Ne6+ Kf6 45. Rf8+ Kxe6 46. Rxf2 Rxf2 47. Ke3 Rh2 48. c4 Bd7 49. Nc3 Rxh4 50. b5 Rh3+ 51. Kd2 Kd6 52. Na4 Rh2+ 53. Kc3 Ra2 54. c5+ Kc7 55. b6+ Kc6 56. Kb3 Be6+ 0-1


[Site "https://www.chess.com"]

[Event "Titled Tuesday Blitz June 20 Early 2023"]
[White "Fiedorek, Michal"]
[Black "KSho99"]
[WhiteFideId "1199528"]
[WhiteElo "2135"]
[BlackElo "2197"]
[Result "1-0"]
[Round "5"]
[TimeControl "180+2"]
[Date "2023.06.20"]
[WhiteClock "0:00:50"]
[BlackClock "0:00:00"]
[Board "184"]

1. e4 e6 2. b3 d5 3. Bb2 dxe4 4. Nc3 Nf6 5. Qe2 Nc6 6. Nxe4 Nxe4 7. Qxe4 Qd5 8. Qxd5 exd5 9. O-O-O Be6 10. Nf3 O-O-O 11. Bb5 f6 12. Rhe1 Bf7 13. Bxc6 bxc6 14. Nd4 Kd7 15. Re3 c5 16. Nf5 d4 17. Re2 g6 18. Ng3 h5 19. Rde1 Bd5 20. Ne4 Be7 21. c3 f5 22. Ng3 Bf6 23. cxd4 cxd4 24. f3 c5 25. d3 h4 26. Nf1 h3 27. Nd2 Bg5 28. g3 Bxf3 29. Re5 Rhe8 30. Kc2 Bxd2 31. Kxd2 Rxe5 32. Rxe5 Re8 33. Rxe8 Kxe8 34. Ba3 Kd7 35. Bxc5 a5 36. Bxd4 Kc6 37. Ke3 Bd5 38. Kf4 Kb5 39. Kg5 Kb4 40. Kxg6 Ka3 41. Kxf5 Kxa2 42. Bb6 Kxb3 43. Bxa5 Kc2 44. Ke5 Bg2 45. d4 Kb3 46. d5 Ka4 47. d6 Bc6 48. Bc7 Bd7 49. Kf6 Kb5 50. Kg5 Kc6 51. Kh4 Be6 52. g4 1-0


[Site "https://www.chess.com"]

[Event "Titled Tuesday Blitz June 20 Early 2023"]
[White "Makhmudov, Shukhrat"]
[Black "Ruge, Edison"]
[WhiteFideId "14200775"]
[BlackFideId "4401000"]
[WhiteElo "2135"]
[BlackElo "2175"]
[Result "0-1"]
[Round "5"]
[TimeControl "180+2"]
[Date "2023.06.20"]
[WhiteClock "0:01:11"]
[BlackClock "0:01:46"]
[Board "185"]

1. Nf3 d6 2. e4 Nf6 3. Nc3 g6 4. h3 Bg7 5. d4 O-O 6. Be2 c5 7. O-O cxd4 8. Nxd4 Nc6 9. Be3 Nd7 10. a3 Nc5 11. Nxc6 bxc6 12. Bxc5 Bxc3 13. bxc3 dxc5 14. Qxd8 Rxd8 15. Rfd1 Be6 16. Ba6 Rab8 17. Kf1 Rxd1+ 18. Rxd1 Rb6 19. Bc8 Bc4+ 20. Ke1 Kg7 21. Rd7 Rb1+ 22. Kd2 Rf1 23. f3 Rf2+ 24. Kc1 Be6 25. Rc7 Bxc8 26. Rxc8 Rxg2 27. Rxc6 Rg3 28. Rxc5 Rxh3 29. f4 Rf3 30. f5 g5 31. Rd5 g4 32. Rd2 h5 33. Kb2 h4 34. c4 g3 35. c5 Rf2 36. Rd1 g2 37. c6 Rf1 38. c7 Rxd1 39. f6+ exf6 40. c8=Q g1=Q 41. Qf5 Qg5 0-1


[Site "https://www.chess.com"]

[Event "Titled Tuesday Blitz June 20 Early 2023"]
[White "Cueto, Jonny"]
[Black "Zilleruelo Irizarry, Diego"]
[WhiteFideId "3300145"]
[BlackFideId "3101460"]
[WhiteElo "2240"]
[BlackElo "2009"]
[Result "1-0"]
[Round "5"]
[TimeControl "180+2"]
[Date "2023.06.20"]
[WhiteClock "0:01:36"]
[BlackClock "0:00:57"]
[Board "186"]

1. d4 d5 2. Bf4 c5 3. e3 Qb6 4. Nc3 Nf6 5. Nf3 Bf5 6. Nh4 Bd7 7. Be2 e6 8. O-O cxd4 9. exd4 Be7 10. Rb1 O-O 11. Nf3 Nc6 12. Re1 Rac8 13. a3 Na5 14. Ne5 Nc4 15. Bxc4 dxc4 16. Bg5 Rfd8 17. Qe2 Qxd4 18. Rbd1 Qc5 19. Bxf6 Bxf6 20. Nxd7 Rxd7 21. Rxd7 Bxc3 22. bxc3 1-0


[Site "https://www.chess.com"]

[Event "Titled Tuesday Blitz June 20 Early 2023"]
[White "Slavin, Alexey"]
[Black "Nikulina, Alena"]
[WhiteFideId "24104388"]
[BlackFideId "4172051"]
[WhiteElo "2264"]
[BlackElo "1608"]
[Result "1-0"]
[Round "5"]
[TimeControl "180+2"]
[Date "2023.06.20"]
[WhiteClock "0:00:31"]
[BlackClock "0:00:10"]
[Board "187"]

1. e4 e5 2. Nf3 d5 3. Nc3 d4 4. Ne2 Nc6 5. Ng3 Nf6 6. Bc4 Be7 7. d3 a6 8. a3 b5 9. Ba2 O-O 10. O-O a5 11. Qe2 b4 12. Nh4 g6 13. Bh6 Re8 14. Nf3 Bf8 15. Bd2 Be6 16. Bxe6 Rxe6 17. Ng5 Re8 18. f4 bxa3 19. bxa3 h6 20. fxe5 Nxe5 21. Nh3 Bg7 22. Nf4 a4 23. h3 c5 24. Rab1 Rb8 25. Qf2 Qc7 26. Nd5 Nxd5 27. exd5 Rxb1 28. Rxb1 Qd6 29. Ne4 Qxd5 30. Bxh6 Qa2 31. Nf6+ Kf8 32. Bxg7+ Kxg7 33. Nxe8+ Kf8 34. Rb8 Qa1+ 35. Kh2 Ke7 36. Qf6+ Kd7 37. Qxe5 1-0


[Site "https://www.chess.com"]

[Event "Titled Tuesday Blitz June 20 Early 2023"]
[White "Vargas Rodriguez, Wilver"]
[Black "Silva Lucena, Cristian"]
[WhiteFideId "3509672"]
[BlackFideId "2232588"]
[WhiteElo "2245"]
[BlackElo "2223"]
[Result "1/2-1/2"]
[Round "5"]
[TimeControl "180+2"]
[Date "2023.06.20"]
[WhiteClock "0:00:04"]
[BlackClock "0:01:23"]
[Board "188"]

1. Nf3 e6 2. e4 d5 3. exd5 exd5 4. d4 Bd6 5. Bd3 Ne7 6. O-O c6 7. Re1 O-O 8. c3 Bg4 9. Bg5 Qd7 10. Nbd2 f6 11. Bh4 Bf5 12. Nf1 Bxd3 13. Qxd3 a5 14. Bg3 Nf5 15. Bxd6 Nxd6 16. Re2 a4 17. a3 Na6 18. Rae1 Rae8 19. Rxe8 Rxe8 20. Rxe8+ Qxe8 21. Ne3 b5 22. g3 Nb8 23. Nd2 Nd7 24. f3 Nb6 25. Kf2 g6 26. Ng4 Kg7 27. Qe3 Qxe3+ 28. Nxe3 h5 29. h3 Kf7 30. Ke2 Ke6 31. Kd3 f5 32. h4 f4 33. gxf4 Nf5 34. Ng2 Ng3 35. Kc2 Kf5 36. Kd3 Kf6 37. Ne3 Nf5 38. Ng2 Nc8 39. b3 axb3 40. Nxb3 Ncd6 41. Na5 Nc4 42. Nxc6 Nxa3 43. Nb4 Ke6 44. Ke2 Nb1 45. Kd3 Kd6 46. Nc2 Ke6 47. Nb4 Na3 48. Nc2 Nc4 49. Nb4 Kd6 50. Nc2 Nb2+ 51. Kd2 Kc6 52. Nb4+ Kd6 53. Kc2 Nc4 54. Kd3 Nb2+ 55. Kc2 Na4 56. Kd3 Nb6 57. Nc2 Nc4 58. Nb4 Ng7 59. Kc2 Ne6 60. Kd3 Nb6 61. Kc2 Nc8 62. Kd3 Ne7 63. Kc2 Nf5 64. Kd3 Ng3 65. Kd2 Nf1+ 66. Ke2 Ng3+ 67. Ke3 Nf5+ 68. Kd3 Nc7 69. Nc2 Na8 70. Nb4 Nb6 71. Kd2 Nc4+ 72. Kd3 1/2-1/2


[Site "https://www.chess.com"]